 Dungeon Crawl Stone Soup version 0.23.1 (webtiles) character file.

Game seed: 1347319448587418011

21 night the Skirmisher (level 2, -1/21 HPs)
             Began as an Octopode Fighter on Mar 19, 2019.
             Slain by Terence
             ... wielding a +0 flail
              (9 damage)
             ... on level 2 of the Dungeon.
             The game lasted 00:01:42 (1165 turns).

night the Skirmisher (Octopode Fighter)             Turns: 1165, Time: 00:01:43

Health: -1/21      AC:  1    Str: 15    XL:     2   Next: 83%
Magic:  2/2        EV: 11    Int: 10    God:
Gold:   38         SH:  8    Dex: 11    Spells: 1/1 levels left

rFire    . . .     SeeInvis .   a - +0 long sword
rCold    . . .     Gourm    .   b - +0 shield
rNeg     . . .     Faith    .   (helmet restricted)
rPois    .         Spirit   .   (no amulet)
rElec    .         Reflect  .   (no ring)
rCorr    .         Harm     .   (no ring)
MR       .....                  (no ring)
Stlth    +++.......             (no ring)
HPRegen  0.07/turn              (no ring)
MPRegen  0.08/turn              (no ring)
                                (no ring)
                                (no ring)

@: no status effects
A: almost no armour, stealthy swim, amphibious, 8 rings, constrict 8, camouflage
1, gelatinous body 1
a: no special abilities


You were on level 2 of the Dungeon.
You were not hungry.

You visited 1 branch of the dungeon, and saw 2 of its levels.

You collected 38 gold pieces.

Inventory:

Hand Weapons
 a - a +0 long sword (weapon)
Missiles
 l - 3 stones (quivered)
Armour
 b - a +0 shield (worn)
Scrolls
 e - 2 scrolls of magic mapping {unknown}
 f - 3 scrolls of identify {unknown}
 g - a scroll of teleportation {unknown}
 h - a scroll of amnesia {unknown}
 j - a scroll of remove curse {unknown}
Potions
 c - 2 potions of might
 i - a potion of haste
 k - a potion of mutation {unknown}
Comestibles
 d - 5 rations
 m - a chunk of flesh


   Skills:
 + Level 3.2 Fighting
 * Level 2.7 Long Blades
 - Level 3.0 Dodging
 + Level 1.4 Stealth
 - Level 3.0 Shields


You had one spell level left.
You didn't know any spells.
Your spell library was empty.

Dungeon Overview and Level Annotations

Branches:
Dungeon (2/15)

Altars:

Annotations:
D:2 Terence


Innate Abilities, Weirdness & Mutations

You cannot wear most types of armour.
You are very stealthy in the water. (Stealth+)
You are amphibious.
You can wear up to eight rings at the same time.
You can use your tentacles to constrict eight enemies at once.
Your skin changes colour to match your surroundings (Stealth+).
Your rubbery body absorbs attacks. (AC +1, EV +1)


Message History

e - 2 scrolls labeled CAJYHI KOROPHA (gained 1)
A ball python and Terence come into view.
Found a murky blue potion and 13 gold pieces.
Terence shouts!
The ball python hisses angrily.
You hear an angry hiss.
Terence drinks a potion.
Terence seems to speed up.
A frilled lizard comes into view.
The ball python closely misses you.
You riposte.
You hit the ball python. Your grab misses the ball python.
The ball python is severely wounded.
The ball python grabs you. The ball python constricts you.
The ball python's grasp on you weakens, but your attempt to escape fails.
The ball python closely misses you. The ball python constricts you.
You block the frilled lizard's attack.
You slash the frilled lizard!
You kill the frilled lizard!
The ball python bites you. The ball python constricts you.
Terence hits you with a +0 flail! The ball python barely misses you.
The ball python constricts you.
You escape the ball python's grasp.
Terence hits you with a +0 flail!
You die...

..##.##
#.#(# ##
#..## #.#
##..#
#.###.#.#
##.#.##.#
#.#.## .# #
#..# .#
###.###@##
.#
......#@.#
.# #...S.##
.# #.....#
.........
..........
...!....%.#
.....$....#
.#.......##


You could see Terence and a ball python.

Vanquished Creatures
  A leopard gecko (D:1)
  2 bats (D:1)
  5 hobgoblins (D:1)
  A kobold (D:1)
  3 frilled lizards
  3 goblins (D:1)
  3 rats (D:1)
18 creatures vanquished.

Notes
Turn   | Place    | Note
-------+----------+-------------------------------------------
     0 | D:1      | night the Octopode Fighter began the quest for the Orb.
     0 | D:1      | Reached XP level 1. HP: 16/16 MP: 1/1
   504 | D:1      | Reached XP level 2. HP: 20/21 MP: 2/2
   512 | D:1      | Reached skill level 1 in Stealth
  1159 | D:2      | Noticed Terence
  1165 | D:2      | Slain by Terence

Skill      XL: |  1  2 |
---------------+-------+-----
Stealth        | 1 |  1.4
Fighting       | |  3.2
Long Blades    | |  2.7
Dodging        | |  3.0
Shields        | |  3.0

Action                   || total
-------------------------++-------
Melee: Long sword        ||    27
       Constrict         ||     7
       Tentacles         ||     2
 Stab: Sleeping          ||     3
  Eat: Chunk             ||     1
Dodge: Dodged            ||    21
Block: Shield            ||     9
       Rpst.: Long sword ||     8
